Flames vs Ducks

Created - March 4 2011 at 18:33

Goals
1 2 3 OT1 T
Flames 0 3 0 1 4
Ducks 0 2 1 0 3
Shots
1 2 3 OT1 T
Flames 14 23 3 1 41
Ducks 6 6 10 1 23

Period #1

No Goal

Penalties :
Marco Sturm (CGY) for Hooking (Minor) at 1:00, Erik Johnson (CGY) for Delaying the game (Minor) at 3:12, Brandon Dubinsky (ANA) for Roughing (Minor) at 17:35

Period #2

1. Ducks , Jonathan Toews 35 (Tom Poti, Jakub Voracek) at 0:49 (PP)
2. Flames , Ryan Potulny 4 (Dan Boyle, Rob Schremp) at 10:12
3. Flames , Marco Sturm 21 (Keith Tkachuk, Erik Johnson) at 11:07
4. Flames , Mike Fisher 25 (Keith Tkachuk) at 12:22
5. Ducks , Andy McDonald 23 (Brandon Dubinsky) at 12:43

Penalties :
Cody Mcleod (CGY) for Interference (Minor) at 0:35, David Perron (ANA) for Goalie Interference (Minor) at 3:18, Jose Theodore (ANA) for Unsportsmanlike conduct (Major / Game Misconduct) at 5:11 - Manny Malhotra served the penalty., Kurtis Foster (ANA) for Tripping (Minor) at 7:49, Marc-Edouard Vlasic (ANA) for Hooking (Minor) at 12:54, Marc-Edouard Vlasic (ANA) for Hooking (Minor) at 15:17, Jonathan Toews (ANA) for Roughing (Double Minor) at 17:19

Period #3

6. Ducks , Jakub Voracek 11 (David Perron, Jonathan Toews) at 10:13 (PP)

Penalties :
Jack Johnson (CGY) for Interference (Minor) at 1:40, Brandon Dubinsky (ANA) for Holding (Minor) at 3:14, Kurtis Foster (ANA) for Hooking (Minor) at 6:38, Josh Gorges (CGY) for Interference (Minor) at 9:41, David Clarkson (ANA) for Hooking (Minor) at 16:21

Overtime #1

7. Flames , Matt Cullen 8 (Pierre-Marc Bouchard, Josh Gorges) at 3:58

Penalties :
Brandon Dubinsky (ANA) for Holding (Minor) at 0:12

Goalie Stats

Miikka Kiprusoff (CGY), 20 saves from 23 shots - (0.870), W, 23-23-3, 63:59 minutes
Jonas Hiller (ANA), 20 saves from 24 shots - (0.833), OTL, 11-9-2, 38:48 minutes
Jose Theodore (ANA), 17 saves from 17 shots - (1.000), 25:11 minutes

Players Stats

Flames
Player Name              G  A  P  +/- PIM S  H  SB FO    MP 
------------------------------------------------------------
Alex Steen               0  0  0   0  0   0  1  0  1/1   22 
Cody Mcleod              0  0  0   1  2   0  6  0  1/1   12 
Dan Boyle                0  1  1   0  0   1  0  0  0/0   2  
Erik Johnson             0  1  1   1  2   1  0  2  0/0   25 
Jack Johnson             0  0  0   1  2   3  2  0  0/0   23 
Joffrey Lupul            0  0  0   0  0   5  0  1  0/1   18 
John Tavares             0  0  0   1  0   5  0  0  13/30 22 
Josh Gorges              0  1  1   2  2   0  1  1  0/0   19 
Keith Tkachuk            0  2  2   1  0   0  2  0  1/1   12 
Marco Sturm              1  0  1   1  2   4  0  0  2/2   21 
Mark Streit              0  0  0   0  0   7  2  3  0/0   27 
Matt Cullen              1  0  1   1  0   1  0  0  12/19 11 
Mike Fisher              1  0  1   0  0   3  2  1  14/25 22 
Pierre-Marc Bouchard     0  1  1   1  0   1  0  0  1/2   17 
Rob Schremp              0  1  1   1  0   2  0  0  1/2   10 
Rostislav Olesz          0  0  0   1  0   1  2  0  0/0   11 
Ryan Potulny             1  0  1   1  0   3  0  0  6/9   9  
Zach Bogosian            0  0  0   1  0   4  2  0  0/0   27 
Ducks
Player Name              G  A  P  +/- PIM S  H  SB FO    MP 
------------------------------------------------------------
Andy McDonald            1  0  1   0  0   3  0  0  9/21  14 
Brandon Dubinsky         0  1  1   0  6   3  3  0  0/0   20 
Bryan Little             0  0  0  -2  0   0  0  0  0/0   6  
Christian Hanson         0  0  0  -1  0   0  0  0  7/18  17 
David Clarkson           0  0  0   1  2   0  1  0  1/3   12 
David Perron             0  1  1   0  2   2  1  0  0/1   13 
Dominic Moore            0  0  0  -2  0   0  0  0  2/2   8  
Dustin Byfuglien         0  0  0  -1  0   0  2  0  0/0   7  
Henrik Tallinder         0  0  0  -3  0   1  1  5  0/0   12 
Jakub Voracek            1  1  2   0  0   1  4  0  0/0   16 
Jonathan Toews           1  1  2   0  4   2  0  0  14/29 21 
Kurtis Foster            0  0  0  -3  4   1  1  0  0/0   18 
Manny Malhotra           0  0  0  -2  0   1  1  3  7/17  15 
Marc-Edouard Vlasic      0  0  0  -1  4   2  0  0  0/0   22 
Nick Schultz             0  0  0   0  0   1  0  1  0/0   23 
Rob Scuderi              0  0  0   1  0   0  3  1  0/0   23 
Taylor Pyatt             0  0  0  -1  0   4  1  0  1/2   16 
Tom Poti                 0  1  1   0  0   2  2  3  0/0   25 

3 Stars

1 - Jakub Voracek (ANA)
2 - Keith Tkachuk (CGY)
3 - Mike Fisher (CGY)

Power Play

Flames - 0 on 11 Attempt(s) - 0.00%
Ducks - 2 on 5 Attempt(s) - 40.00%

Penalty Kill

Flames - 3 on 5 Attempt(s) - 60.00% - Score 0 goal in Penalty Kill
Ducks - 11 on 11 Attempt(s) - 100.00% - Score 0 goal in Penalty Kill

Game Notes

Jose Theodore ejected from game at 5:11 of 2nd period
Jonas Hiller enters game at 5:11 of 2nd period

Finance

Level 1 -- Attendance: 4637 (71.34%) -- Ticket Income $463,700.00
Level 2 -- Attendance: 3655 (73.10%) -- Ticket Income $219,300.00
Level 3 -- Attendance: 2776 (79.31%) -- Ticket Income $97,160.00
Level 4 -- Attendance: 1174 (100.00%) -- Ticket Income $23,480.00
Luxury Box -- Attendance: 810 (81.00%) -- Ticket Income $162,000.00
Game was played at the Honda Center
Total Attendance: 13052 (76.00%)
Total Ticket Income: $1,001,967.00
Other Income: $201,547.80
Total Income: $1,203,515.00


Play by Play

Period #1

0:01 of 1st period - Jonathan Toews wins face-off versus Mike Fisher in neutral zone.
0:10 of 1st period - Shot by Jakub Voracek.
0:10 of 1st period - Deflect By David Perron.
0:10 of 1st period - Shot Blocked by Mike Fisher.
0:12 of 1st period - Shot by Tom Poti.
0:12 of 1st period - Shot Blocked by Mark Streit.
0:14 of 1st period - Shot by David Perron.
0:14 of 1st period - Shot Blocked by Joffrey Lupul.
0:34 of 1st period - Shot by David Perron.
0:34 of 1st period - Shot Misses the Net.
0:36 of 1st period - Shot by Marc-Edouard Vlasic.
0:36 of 1st period - Stopped by Miikka Kiprusoff without a rebound.
0:37 of 1st period - John Tavares wins face-off versus Andy McDonald in Flames zone.
0:37 of 1st period - John Tavares is hit by David Clarkson.
1:00 of 1st period - Minor Penalty to Marco Sturm for Hooking.
1:01 of 1st period - Matt Cullen wins face-off versus Jonathan Toews in Flames zone.
1:38 of 1st period - Mike Fisher is hit by David Perron and loses puck.
2:01 of 1st period - Shot by David Clarkson.
2:01 of 1st period - Deflect By Andy McDonald.
2:01 of 1st period - Shot Misses the Net.
2:25 of 1st period - Shot by Marc-Edouard Vlasic.
2:25 of 1st period - Shot Blocked by Mark Streit.
3:05 of 1st period - Shot by Henrik Tallinder.
3:05 of 1st period - Shot Misses the Net.
3:12 of 1st period - Minor Penalty to Erik Johnson for Delaying the game.
3:13 of 1st period - Andy McDonald wins face-off versus Matt Cullen in Flames zone.
3:16 of 1st period - Shot by Brandon Dubinsky.
3:16 of 1st period - Stopped by Miikka Kiprusoff with a rebound.
3:20 of 1st period - Shot by Brandon Dubinsky.
3:20 of 1st period - Stopped by Miikka Kiprusoff without a rebound.
3:21 of 1st period - David Clarkson wins face-off versus Matt Cullen in Flames zone.
3:24 of 1st period - Shot by Andy McDonald.
3:24 of 1st period - Stopped by Miikka Kiprusoff without a rebound.
3:25 of 1st period - Matt Cullen wins face-off versus Andy McDonald in Flames zone.
4:46 of 1st period - Manny Malhotra is hit by Mark Streit and loses puck.
5:01 of 1st period - Rob Scuderi is hit by Rostislav Olesz and loses puck.
5:06 of 1st period - Shot by Jack Johnson.
5:06 of 1st period - Stopped by Jose Theodore without a rebound.
5:07 of 1st period - Dominic Moore wins face-off versus Matt Cullen in Ducks zone.
7:01 of 1st period - Zach Bogosian is hit by Jakub Voracek and loses puck.
8:23 of 1st period - Shot by Jack Johnson.
8:23 of 1st period - Shot Misses the Net.
8:46 of 1st period - Shot by Joffrey Lupul.
8:46 of 1st period - Stopped by Jose Theodore without a rebound.
8:47 of 1st period - Andy McDonald wins face-off versus Matt Cullen in Ducks zone.
8:47 of 1st period - Andy McDonald is hit by Cody Mcleod.
8:53 of 1st period - Shot by Andy McDonald.
8:53 of 1st period - Shot Blocked by Mark Streit.
9:28 of 1st period - Icing by Nick Schultz.
9:29 of 1st period - John Tavares wins face-off versus Andy McDonald in Ducks zone.
9:48 of 1st period - Shot by John Tavares.
9:48 of 1st period - Shot Misses the Net.
10:17 of 1st period - Jack Johnson is hit by Tom Poti and loses puck.
10:32 of 1st period - Shot by Jakub Voracek.
10:32 of 1st period - Shot Misses the Net.
10:36 of 1st period - Shot by Jonathan Toews.
10:36 of 1st period - Shot Misses the Net.
10:38 of 1st period - Shot by Jonathan Toews.
10:38 of 1st period - Stopped by Miikka Kiprusoff without a rebound.
10:39 of 1st period - Ryan Potulny wins face-off versus Christian Hanson in Flames zone.
10:53 of 1st period - Shot by Rostislav Olesz.
10:53 of 1st period - Shot Misses the Net.
10:55 of 1st period - Shot by Ryan Potulny.
10:55 of 1st period - Shot Blocked by Henrik Tallinder.
10:57 of 1st period - Shot by Ryan Potulny.
10:57 of 1st period - Shot Misses the Net.
11:27 of 1st period - Shot by Dan Boyle.
11:27 of 1st period - Stopped by Jose Theodore with a rebound.
11:29 of 1st period - Shot by Mark Streit.
11:29 of 1st period - Shot Misses the Net.
11:31 of 1st period - Shot by Mark Streit.
11:31 of 1st period - Stopped by Jose Theodore with a rebound.
11:52 of 1st period - Shot by Joffrey Lupul.
11:52 of 1st period - Deflect By Mike Fisher.
11:52 of 1st period - Stopped by Jose Theodore with a rebound.
11:58 of 1st period - Shot by Alex Steen.
11:58 of 1st period - Shot Blocked by Henrik Tallinder.
12:00 of 1st period - Shot by Joffrey Lupul.
12:00 of 1st period - Stopped by Jose Theodore without a rebound.
12:01 of 1st period - Jonathan Toews wins face-off versus Matt Cullen in Ducks zone.
12:01 of 1st period - Jakub Voracek is hit by Cody Mcleod and loses puck.
12:15 of 1st period - David Perron is hit by Zach Bogosian and loses puck.
12:38 of 1st period - David Perron is hit by Mark Streit and loses puck.
12:59 of 1st period - Rob Schremp is hit by Manny Malhotra and loses puck.
13:20 of 1st period - Shot by John Tavares.
13:20 of 1st period - Shot Blocked by Rob Scuderi.
13:24 of 1st period - Shot by Marco Sturm.
13:24 of 1st period - Deflect By John Tavares.
13:24 of 1st period - Stopped by Jose Theodore with a rebound.
14:45 of 1st period - Icing by Jonathan Toews.
14:46 of 1st period - Ryan Potulny wins face-off versus Jonathan Toews in Ducks zone.
14:46 of 1st period - Rob Schremp is hit by Brandon Dubinsky.
15:26 of 1st period - Shot by Taylor Pyatt.
15:26 of 1st period - Stopped by Miikka Kiprusoff without a rebound.
15:27 of 1st period - Matt Cullen wins face-off versus Manny Malhotra in Flames zone.
15:40 of 1st period - Henrik Tallinder is hit by Cody Mcleod and loses puck.
15:51 of 1st period - Shot by Matt Cullen.
15:51 of 1st period - Shot Misses the Net.
15:53 of 1st period - Shot by Cody Mcleod.
15:53 of 1st period - Shot Blocked by Manny Malhotra.
16:02 of 1st period - Icing by Henrik Tallinder.
16:03 of 1st period - Manny Malhotra wins face-off versus John Tavares in Ducks zone.
16:24 of 1st period - Shot by Marco Sturm.
16:24 of 1st period - Stopped by Jose Theodore without a rebound.
16:25 of 1st period - Jonathan Toews wins face-off versus Rob Schremp in Ducks zone.
16:25 of 1st period - David Perron is hit by Rostislav Olesz and loses puck.
16:52 of 1st period - Shot by Rostislav Olesz.
16:52 of 1st period - Stopped by Jose Theodore without a rebound.
16:53 of 1st period - John Tavares wins face-off versus Andy McDonald in Ducks zone.
16:53 of 1st period - Jack Johnson is hit by Rob Scuderi and loses puck.
16:56 of 1st period - Shot by Marco Sturm.
16:56 of 1st period - Shot Misses the Net.
16:58 of 1st period - Shot by John Tavares.
16:58 of 1st period - Stopped by Jose Theodore without a rebound.
16:59 of 1st period - John Tavares wins face-off versus Christian Hanson in Ducks zone.
17:12 of 1st period - Shot by Keith Tkachuk.
17:12 of 1st period - Shot Misses the Net.
17:14 of 1st period - Shot by Marco Sturm.
17:14 of 1st period - Shot Blocked by Henrik Tallinder.
17:16 of 1st period - Shot by Erik Johnson.
17:16 of 1st period - Stopped by Jose Theodore without a rebound.
17:17 of 1st period - Andy McDonald wins face-off versus Joffrey Lupul in Ducks zone.
17:23 of 1st period - Andy McDonald is hit by Zach Bogosian and loses puck.
17:35 of 1st period - Minor Penalty to Brandon Dubinsky for Roughing.
17:36 of 1st period - Mike Fisher wins face-off versus Manny Malhotra in Ducks zone.
18:34 of 1st period - Shot by Mark Streit.
18:34 of 1st period - Shot Misses the Net.
19:14 of 1st period - Shot by Erik Johnson.
19:14 of 1st period - Shot Misses the Net.
19:16 of 1st period - Shot by Jack Johnson.
19:16 of 1st period - Stopped by Jose Theodore without a rebound.
19:17 of 1st period - John Tavares wins face-off versus Christian Hanson in Ducks zone.
19:18 of 1st period - Shot by Mark Streit.
19:18 of 1st period - Stopped by Jose Theodore without a rebound.
19:19 of 1st period - John Tavares wins face-off versus Christian Hanson in Ducks zone.
19:34 of 1st period - Shot by Mark Streit.
19:34 of 1st period - Stopped by Jose Theodore without a rebound.
19:35 of 1st period - Ryan Potulny wins face-off versus Manny Malhotra in Ducks zone.

Period #2

0:01 of 2nd period - Jonathan Toews wins face-off versus Mike Fisher in neutral zone.
0:12 of 2nd period - Shot by Tom Poti.
0:12 of 2nd period - Shot Misses the Net.
0:14 of 2nd period - Shot by David Perron.
0:14 of 2nd period - Stopped by Miikka Kiprusoff with a rebound.
0:16 of 2nd period - Shot by Marc-Edouard Vlasic.
0:16 of 2nd period - Stopped by Miikka Kiprusoff without a rebound.
0:17 of 2nd period - John Tavares wins face-off versus Andy McDonald in Flames zone.
0:17 of 2nd period - John Tavares is hit by Brandon Dubinsky.
0:34 of 2nd period - Icing by David Clarkson.
0:35 of 2nd period - Andy McDonald wins face-off versus Matt Cullen in Ducks zone.
0:35 of 2nd period - Minor Penalty to Cody Mcleod for Interference.
0:36 of 2nd period - Jonathan Toews wins face-off versus Matt Cullen in Flames zone.
0:49 of 2nd period - Shot by Jonathan Toews.
0:49 of 2nd period - Goal by Jonathan Toews - Flames : 0 - Ducks : 1.
0:50 of 2nd period - Mike Fisher wins face-off versus Manny Malhotra in neutral zone.
1:08 of 2nd period - Off-side.
1:09 of 2nd period - Jonathan Toews wins face-off versus John Tavares in neutral zone.
1:09 of 2nd period - Jakub Voracek is hit by Keith Tkachuk and loses puck.
1:13 of 2nd period - Marc-Edouard Vlasic is hit by Jack Johnson and loses puck.
1:19 of 2nd period - David Perron is hit by Jack Johnson and loses puck.
2:40 of 2nd period - Shot by Mark Streit.
2:40 of 2nd period - Stopped by Jose Theodore without a rebound.
2:41 of 2nd period - Pierre-Marc Bouchard wins face-off versus Christian Hanson in Ducks zone.
3:17 of 2nd period - Icing by Pierre-Marc Bouchard.
3:18 of 2nd period - Matt Cullen wins face-off versus Jonathan Toews in Flames zone.
3:18 of 2nd period - Minor Penalty to David Perron for Goalie Interference.
3:19 of 2nd period - Manny Malhotra wins face-off versus John Tavares in Ducks zone.
3:46 of 2nd period - Shot by John Tavares.
3:46 of 2nd period - Stopped by Jose Theodore without a rebound.
3:47 of 2nd period - Mike Fisher wins face-off versus Christian Hanson in Ducks zone.
3:48 of 2nd period - Shot by Erik Johnson.
3:48 of 2nd period - Shot Misses the Net.
3:50 of 2nd period - Shot by Jack Johnson.
3:50 of 2nd period - Shot Blocked by Tom Poti.
3:55 of 2nd period - Pierre-Marc Bouchard is hit by Rob Scuderi and loses puck.
4:03 of 2nd period - Marco Sturm is hit by Rob Scuderi and loses puck.
4:06 of 2nd period - Shot by Mike Fisher.
4:06 of 2nd period - Shot Misses the Net.
4:08 of 2nd period - Shot by Pierre-Marc Bouchard.
4:08 of 2nd period - Shot Misses the Net.
5:11 of 2nd period - Shot by Marco Sturm.
5:11 of 2nd period - Stopped by Jose Theodore without a rebound.
5:11 of 2nd period - Major / Game Misconduct Penalty to Jose Theodore for Unsportsmanlike conduct.
5:11 of 2nd period - Jose Theodore is ejected from game.
5:11 of 2nd period - Jonas Hiller enters game.
5:12 of 2nd period - Andy McDonald wins face-off versus John Tavares in Ducks zone.
5:27 of 2nd period - Shot by Alex Steen.
5:27 of 2nd period - Shot Misses the Net.
5:29 of 2nd period - Shot by Mark Streit.
5:29 of 2nd period - Stopped by Jonas Hiller without a rebound.
5:30 of 2nd period - Mike Fisher wins face-off versus Christian Hanson in Ducks zone.
5:53 of 2nd period - Jonathan Toews is hit by Cody Mcleod and loses puck.
6:26 of 2nd period - Shot by Mark Streit.
6:26 of 2nd period - Shot Misses the Net.
6:28 of 2nd period - Shot by Mark Streit.
6:28 of 2nd period - Stopped by Jonas Hiller without a rebound.
6:29 of 2nd period - Jonathan Toews wins face-off versus Pierre-Marc Bouchard in Ducks zone.
6:29 of 2nd period - Jonathan Toews is hit by Keith Tkachuk.
6:45 of 2nd period - Shot by Mark Streit.
6:45 of 2nd period - Deflect By Rob Schremp.
6:45 of 2nd period - Stopped by Jonas Hiller without a rebound.
6:46 of 2nd period - John Tavares wins face-off versus Jonathan Toews in Ducks zone.
6:53 of 2nd period - Shot by John Tavares.
6:53 of 2nd period - Stopped by Jonas Hiller without a rebound.
6:54 of 2nd period - Christian Hanson wins face-off versus Mike Fisher in Ducks zone.
7:22 of 2nd period - Shot by Tom Poti.
7:22 of 2nd period - Stopped by Miikka Kiprusoff without a rebound.
7:23 of 2nd period - Jonathan Toews wins face-off versus John Tavares in Flames zone.
7:26 of 2nd period - Shot by Taylor Pyatt.
7:26 of 2nd period - Stopped by Miikka Kiprusoff with a rebound.
7:46 of 2nd period - Shot by John Tavares.
7:46 of 2nd period - Stopped by Jonas Hiller without a rebound.
7:47 of 2nd period - Cody Mcleod wins face-off versus Jonathan Toews in Ducks zone.
7:48 of 2nd period - Shot by Jack Johnson.
7:48 of 2nd period - Stopped by Jonas Hiller with a rebound.
7:49 of 2nd period - Minor Penalty to Kurtis Foster for Tripping.
7:50 of 2nd period - Jonathan Toews wins face-off versus Mike Fisher in Ducks zone.
8:01 of 2nd period - Shot by Jack Johnson.
8:01 of 2nd period - Shot Misses the Net.
8:05 of 2nd period - Shot by Pierre-Marc Bouchard.
8:05 of 2nd period - Shot Misses the Net.
8:09 of 2nd period - Shot by Pierre-Marc Bouchard.
8:09 of 2nd period - Stopped by Jonas Hiller without a rebound.
8:10 of 2nd period - Jonathan Toews wins face-off versus John Tavares in Ducks zone.
8:27 of 2nd period - Shot by Zach Bogosian.
8:27 of 2nd period - Stopped by Jonas Hiller with a rebound.
8:31 of 2nd period - Shot by Mark Streit.
8:31 of 2nd period - Shot Hit the Post.
8:33 of 2nd period - Shot by Joffrey Lupul.
8:33 of 2nd period - Stopped by Jonas Hiller with a rebound.
8:35 of 2nd period - Shot by Alex Steen.
8:35 of 2nd period - Shot Misses the Net.
8:37 of 2nd period - Shot by Zach Bogosian.
8:37 of 2nd period - Stopped by Jonas Hiller with a rebound.
8:39 of 2nd period - Shot by Joffrey Lupul.
8:39 of 2nd period - Shot Misses the Net.
9:07 of 2nd period - Shot by Mike Fisher.
9:07 of 2nd period - Shot Misses the Net.
10:06 of 2nd period - Off-side.
10:07 of 2nd period - Keith Tkachuk wins face-off versus Jonathan Toews in neutral zone.
10:12 of 2nd period - Shot by Ryan Potulny.
10:12 of 2nd period - Goal by Ryan Potulny - Flames : 1 - Ducks : 1.
10:13 of 2nd period - Dominic Moore wins face-off versus Ryan Potulny in neutral zone.
11:05 of 2nd period - Shot by Keith Tkachuk.
11:05 of 2nd period - Shot Blocked by Henrik Tallinder.
11:07 of 2nd period - Shot by Marco Sturm.
11:07 of 2nd period - Goal by Marco Sturm - Flames : 2 - Ducks : 1.
11:08 of 2nd period - Matt Cullen wins face-off versus David Clarkson in neutral zone.
11:11 of 2nd period - Brandon Dubinsky is hit by Cody Mcleod and loses puck.
12:02 of 2nd period - Shot by Jonathan Toews.
12:02 of 2nd period - Shot Blocked by Erik Johnson.
12:16 of 2nd period - Off-side.
12:17 of 2nd period - Mike Fisher wins face-off versus Christian Hanson in neutral zone.
12:22 of 2nd period - Shot by Mike Fisher.
12:22 of 2nd period - Goal by Mike Fisher - Flames : 3 - Ducks : 1.
12:23 of 2nd period - Ryan Potulny wins face-off versus Christian Hanson in neutral zone.
12:23 of 2nd period - Ryan Potulny is hit by Taylor Pyatt.
12:26 of 2nd period - Zach Bogosian is hit by Henrik Tallinder and loses puck.
12:29 of 2nd period - Shot by Rob Schremp.
12:29 of 2nd period - Shot Misses the Net.
12:31 of 2nd period - Shot by Zach Bogosian.
12:31 of 2nd period - Stopped by Jonas Hiller without a rebound.
12:32 of 2nd period - Andy McDonald wins face-off versus Mike Fisher in Ducks zone.
12:43 of 2nd period - Shot by Andy McDonald.
12:43 of 2nd period - Goal by Andy McDonald - Flames : 3 - Ducks : 2.
12:44 of 2nd period - Ryan Potulny wins face-off versus Taylor Pyatt in neutral zone.
12:44 of 2nd period - Ryan Potulny is hit by Dustin Byfuglien.
12:47 of 2nd period - Off-side.
12:48 of 2nd period - John Tavares wins face-off versus David Perron in neutral zone.
12:48 of 2nd period - Marco Sturm is hit by Jakub Voracek and loses puck.
12:54 of 2nd period - Minor Penalty to Marc-Edouard Vlasic for Hooking.
12:55 of 2nd period - Manny Malhotra wins face-off versus Mike Fisher in Ducks zone.
13:06 of 2nd period - Shot by Mike Fisher.
13:06 of 2nd period - Stopped by Jonas Hiller without a rebound.
13:07 of 2nd period - John Tavares wins face-off versus Manny Malhotra in Ducks zone.
13:17 of 2nd period - Shot by Mark Streit.
13:17 of 2nd period - Shot Blocked by Nick Schultz.
13:21 of 2nd period - Shot by Joffrey Lupul.
13:21 of 2nd period - Shot Blocked by Tom Poti.
13:23 of 2nd period - Shot by Mark Streit.
13:23 of 2nd period - Shot Misses the Net.
13:25 of 2nd period - Shot by Joffrey Lupul.
13:25 of 2nd period - Stopped by Jonas Hiller with a rebound.
13:27 of 2nd period - Shot by Alex Steen.
13:27 of 2nd period - Shot Blocked by Manny Malhotra.
15:06 of 2nd period - Shot by Rob Schremp.
15:06 of 2nd period - Deflect By Ryan Potulny.
15:06 of 2nd period - Stopped by Jonas Hiller without a rebound.
15:07 of 2nd period - Ryan Potulny wins face-off versus Jonathan Toews in Ducks zone.
15:17 of 2nd period - Minor Penalty to Marc-Edouard Vlasic for Hooking.
15:18 of 2nd period - Taylor Pyatt wins face-off versus Mike Fisher in Ducks zone.
15:24 of 2nd period - Icing by Mike Fisher.
15:25 of 2nd period - Marco Sturm wins face-off versus Manny Malhotra in Flames zone.
16:40 of 2nd period - Shot by Pierre-Marc Bouchard.
16:40 of 2nd period - Shot Misses the Net.
16:42 of 2nd period - Shot by Marco Sturm.
16:42 of 2nd period - Shot Misses the Net.
17:19 of 2nd period - Double Minor Penalty to Jonathan Toews for Roughing.
17:20 of 2nd period - Christian Hanson wins face-off versus John Tavares in Ducks zone.
18:53 of 2nd period - Shot by Ryan Potulny.
18:53 of 2nd period - Stopped by Jonas Hiller with a rebound.
18:55 of 2nd period - Shot by Marco Sturm.
18:55 of 2nd period - Stopped by Jonas Hiller with a rebound.
18:59 of 2nd period - Shot by Zach Bogosian.
18:59 of 2nd period - Stopped by Jonas Hiller without a rebound.
19:00 of 2nd period - John Tavares wins face-off versus Manny Malhotra in Ducks zone.

Period #3

0:01 of 3rd period - Christian Hanson wins face-off versus John Tavares in neutral zone.
0:27 of 3rd period - Icing by John Tavares.
0:28 of 3rd period - Manny Malhotra wins face-off versus John Tavares in Flames zone.
0:36 of 3rd period - Shot by Manny Malhotra.
0:36 of 3rd period - Shot Hit the Post.
0:40 of 3rd period - Shot by Manny Malhotra.
0:40 of 3rd period - Stopped by Miikka Kiprusoff with a rebound.
0:42 of 3rd period - Shot by Taylor Pyatt.
0:42 of 3rd period - Stopped by Miikka Kiprusoff without a rebound.
0:43 of 3rd period - Mike Fisher wins face-off versus Christian Hanson in Flames zone.
1:37 of 3rd period - Shot by Bryan Little.
1:37 of 3rd period - Deflect By Dominic Moore.
1:37 of 3rd period - Shot Blocked by Josh Gorges.
1:39 of 3rd period - Shot by Henrik Tallinder.
1:39 of 3rd period - Stopped by Miikka Kiprusoff without a rebound.
1:40 of 3rd period - Jonathan Toews wins face-off versus John Tavares in Flames zone.
1:40 of 3rd period - Minor Penalty to Jack Johnson for Interference.
1:41 of 3rd period - Matt Cullen wins face-off versus Andy McDonald in Flames zone.
2:04 of 3rd period - Shot by Brandon Dubinsky.
2:04 of 3rd period - Shot Misses the Net.
2:19 of 3rd period - Shot by Nick Schultz.
2:19 of 3rd period - Stopped by Miikka Kiprusoff with a rebound.
2:21 of 3rd period - Shot by Andy McDonald.
2:21 of 3rd period - Stopped by Miikka Kiprusoff without a rebound.
2:22 of 3rd period - Mike Fisher wins face-off versus Jonathan Toews in Flames zone.
2:22 of 3rd period - Mike Fisher is hit by Jakub Voracek.
2:42 of 3rd period - Shot by David Perron.
2:42 of 3rd period - Stopped by Miikka Kiprusoff with a rebound.
2:51 of 3rd period - Icing by Jakub Voracek.
2:52 of 3rd period - Matt Cullen wins face-off versus Jonathan Toews in Ducks zone.
3:02 of 3rd period - Off-side.
3:03 of 3rd period - Matt Cullen wins face-off versus Andy McDonald in neutral zone.
3:13 of 3rd period - Off-side.
3:14 of 3rd period - Mike Fisher wins face-off versus David Clarkson in neutral zone.
3:14 of 3rd period - Minor Penalty to Brandon Dubinsky for Holding.
3:15 of 3rd period - Mike Fisher wins face-off versus Andy McDonald in Ducks zone.
3:20 of 3rd period - Shot by Joffrey Lupul.
3:20 of 3rd period - Stopped by Jonas Hiller without a rebound.
3:21 of 3rd period - John Tavares wins face-off versus Andy McDonald in Ducks zone.
5:34 of 3rd period - Rostislav Olesz is hit by Kurtis Foster.
5:45 of 3rd period - Shot by Rostislav Olesz.
5:45 of 3rd period - Shot Blocked by Henrik Tallinder.
5:52 of 3rd period - Icing by Dominic Moore.
5:53 of 3rd period - Matt Cullen wins face-off versus Manny Malhotra in Ducks zone.
6:00 of 3rd period - Shot by Pierre-Marc Bouchard.
6:00 of 3rd period - Shot Misses the Net.
6:02 of 3rd period - Shot by Alex Steen.
6:02 of 3rd period - Shot Misses the Net.
6:12 of 3rd period - Shot by Alex Steen.
6:12 of 3rd period - Shot Blocked by Manny Malhotra.
6:14 of 3rd period - Shot by Matt Cullen.
6:14 of 3rd period - Shot Misses the Net.
6:18 of 3rd period - Shot by Matt Cullen.
6:18 of 3rd period - Shot Misses the Net.
6:38 of 3rd period - Minor Penalty to Kurtis Foster for Hooking.
6:39 of 3rd period - Christian Hanson wins face-off versus Mike Fisher in Ducks zone.
7:23 of 3rd period - Off-side.
7:24 of 3rd period - Christian Hanson wins face-off versus John Tavares in neutral zone.
7:36 of 3rd period - Icing by Zach Bogosian.
7:37 of 3rd period - Jonathan Toews wins face-off versus John Tavares in Flames zone.
8:15 of 3rd period - Icing by Pierre-Marc Bouchard.
8:16 of 3rd period - Mike Fisher wins face-off versus Jonathan Toews in Flames zone.
9:29 of 3rd period - Dustin Byfuglien is hit by Josh Gorges and loses puck.
9:41 of 3rd period - Minor Penalty to Josh Gorges for Interference.
9:42 of 3rd period - Jonathan Toews wins face-off versus Mike Fisher in Flames zone.
9:43 of 3rd period - Shot by Kurtis Foster.
9:43 of 3rd period - Shot Misses the Net.
10:13 of 3rd period - Shot by David Perron.
10:13 of 3rd period - Deflect By Jakub Voracek.
10:13 of 3rd period - Goal by Jakub Voracek - Flames : 3 - Ducks : 3.
10:14 of 3rd period - Manny Malhotra wins face-off versus John Tavares in neutral zone.
10:19 of 3rd period - Shot by Bryan Little.
10:19 of 3rd period - Shot Misses the Net.
10:42 of 3rd period - Off-side.
10:43 of 3rd period - Mike Fisher wins face-off versus Jonathan Toews in neutral zone.
10:48 of 3rd period - Icing by Jakub Voracek.
10:49 of 3rd period - Matt Cullen wins face-off versus Jonathan Toews in Ducks zone.
11:25 of 3rd period - Shot by Cody Mcleod.
11:25 of 3rd period - Shot Blocked by Tom Poti.
11:46 of 3rd period - Icing by Marco Sturm.
11:47 of 3rd period - John Tavares wins face-off versus Christian Hanson in Flames zone.
11:47 of 3rd period - Marco Sturm is hit by Dustin Byfuglien and loses puck.
12:12 of 3rd period - Shot by Taylor Pyatt.
12:12 of 3rd period - Stopped by Miikka Kiprusoff without a rebound.
12:13 of 3rd period - Alex Steen wins face-off versus Andy McDonald in Flames zone.
12:52 of 3rd period - Shot by Brandon Dubinsky.
12:52 of 3rd period - Stopped by Miikka Kiprusoff with a rebound.
13:02 of 3rd period - Brandon Dubinsky is hit by Mike Fisher and loses puck.
13:10 of 3rd period - Icing by Nick Schultz.
13:11 of 3rd period - Matt Cullen wins face-off versus Andy McDonald in Ducks zone.
13:35 of 3rd period - Icing by Rob Scuderi.
13:36 of 3rd period - Andy McDonald wins face-off versus Ryan Potulny in Ducks zone.
13:48 of 3rd period - Icing by Erik Johnson.
13:49 of 3rd period - Christian Hanson wins face-off versus Ryan Potulny in Flames zone.
13:52 of 3rd period - Shot by Henrik Tallinder.
13:52 of 3rd period - Shot Misses the Net.
13:56 of 3rd period - Shot by Kurtis Foster.
13:56 of 3rd period - Shot Misses the Net.
14:13 of 3rd period - Off-side.
14:14 of 3rd period - Matt Cullen wins face-off versus Jonathan Toews in neutral zone.
14:29 of 3rd period - Icing by Jakub Voracek.
14:30 of 3rd period - Mike Fisher wins face-off versus Jonathan Toews in Ducks zone.
15:41 of 3rd period - Shot by Dustin Byfuglien.
15:41 of 3rd period - Shot Misses the Net.
15:45 of 3rd period - Shot by Dustin Byfuglien.
15:45 of 3rd period - Shot Blocked by Erik Johnson.
15:47 of 3rd period - Shot by Kurtis Foster.
15:47 of 3rd period - Stopped by Miikka Kiprusoff without a rebound.
15:48 of 3rd period - Andy McDonald wins face-off versus John Tavares in Flames zone.
16:04 of 3rd period - Icing by Alex Steen.
16:05 of 3rd period - Marco Sturm wins face-off versus Andy McDonald in Flames zone.
16:21 of 3rd period - Minor Penalty to David Clarkson for Hooking.
16:22 of 3rd period - Manny Malhotra wins face-off versus Mike Fisher in Ducks zone.
16:42 of 3rd period - Mike Fisher is hit by Brandon Dubinsky.
17:18 of 3rd period - Shot by Mark Streit.
17:18 of 3rd period - Stopped by Jonas Hiller without a rebound.
17:19 of 3rd period - Rob Schremp wins face-off versus Manny Malhotra in Ducks zone.
17:24 of 3rd period - Shot by Ryan Potulny.
17:24 of 3rd period - Shot Misses the Net.
17:28 of 3rd period - Shot by Rob Schremp.
17:28 of 3rd period - Stopped by Jonas Hiller without a rebound.
17:29 of 3rd period - Manny Malhotra wins face-off versus John Tavares in Ducks zone.
18:39 of 3rd period - David Clarkson is hit by Cody Mcleod and loses puck.
19:11 of 3rd period - Off-side.
19:12 of 3rd period - Mike Fisher wins face-off versus Jonathan Toews in neutral zone.
19:31 of 3rd period - Shot by Jonathan Toews.
19:31 of 3rd period - Shot Hit the Post.
19:51 of 3rd period - Dominic Moore is hit by Mike Fisher and loses puck.

Overtime #1

0:01 of 1st overtime period - Jonathan Toews wins face-off versus John Tavares in neutral zone.
0:05 of 1st overtime period - Shot by Tom Poti.
0:05 of 1st overtime period - Stopped by Miikka Kiprusoff without a rebound.
0:06 of 1st overtime period - Andy McDonald wins face-off versus Mike Fisher in Flames zone.
0:12 of 1st overtime period - Minor Penalty to Brandon Dubinsky for Holding.
0:13 of 1st overtime period - Christian Hanson wins face-off versus John Tavares in Ducks zone.
0:13 of 1st overtime period - Christian Hanson is hit by Alex Steen.
1:09 of 1st overtime period - Icing by Erik Johnson.
1:10 of 1st overtime period - Mike Fisher wins face-off versus Manny Malhotra in Flames zone.
2:39 of 1st overtime period - Erik Johnson is hit by Tom Poti and loses puck.
2:56 of 1st overtime period - Mike Fisher is hit by Jakub Voracek and loses puck.
3:58 of 1st overtime period - Shot by Matt Cullen.
3:58 of 1st overtime period - Goal by Matt Cullen - Flames : 4 - Ducks : 3.


Output by the SimonT Hockey Simulator (STHS) for Stephane Roy -- Original Page W3C XHTML 1.0 Valid